TOP OF THE 1ST |
Seattle Aviators batting - Pitching for Wizarding Express : LHP Charles Dobson
|
Pitching: LHP Charles Dobson
|
|
Batting: RHB Kenzaburo Hori
|
0-0: Ball 1-0: Called Strike 1-1: Ball 2-1: Foul Ball, location: 2F 2-2: Ball 3-2: Strikes out swinging
|
Batting: RHB Clarence Fox
|
0-0: Called Strike 0-1: Called Strike 0-2: Foul Ball, location: 2F 0-2: Ball 1-2: Strikes out swinging
|
Batting: LHB Kenny Webster
|
0-0: Foul Ball, location: 2F 0-1: Ball 1-1: Swinging Strike 1-2: Ball 2-2: Ball 3-2: Strikes out looking
|
Top of the 1st over - 0 run(s), 0 hit(s), 0 error(s), 0 left on base; Seattle 0 - Wizarding 0 |
BOTTOM OF THE 1ST |
Wizarding Express batting - Pitching for Seattle Aviators : LHP Dan Mitchell
|
Pitching: LHP Dan Mitchell
|
|
Batting: LHB Kyung-chor Pang
|
0-0: Fly out, F5 (Popup, 25)
|
Batting: LHB Júlio Valentín
|
0-0: Called Strike 0-1: Ball 1-1: Foul Ball, location: 2F 1-2: Ball 2-2: Ground out 5-3 (Groundball, 5S)
|
Batting: RHB António Martínez
|
0-0: Ball 1-0: Fly out, F8 (Line Drive, 8LD)
|
Bottom of the 1st over - 0 run(s), 0 hit(s), 0 error(s), 0 left on base; Seattle 0 - Wizarding 0 |
TOP OF THE 2ND |
Seattle Aviators batting - Pitching for Wizarding Express : LHP Charles Dobson
|
Batting: LHB Jorge Mojica
|
0-0: Ball 1-0: Foul Ball, location: 2F 1-1: Swinging Strike 1-2: Foul Ball, location: 2F 1-2: Strikes out looking
|
Batting: RHB Sean Davis
|
0-0: Called Strike 0-1: Swinging Strike 0-2: Ball 1-2: Strikes out swinging
|
Batting: RHB Raúl Javier Jr.
|
0-0: Ball 1-0: Fly out, F7 (Flyball, 7D)
|
Top of the 2nd over - 0 run(s), 0 hit(s), 0 error(s), 0 left on base; Seattle 0 - Wizarding 0 |
BOTTOM OF THE 2ND |
Wizarding Express batting - Pitching for Seattle Aviators : LHP Dan Mitchell
|
Batting: LHB Nathan Tanner
|
0-0: SINGLE (Groundball, 4MD)
|
Batting: RHB Tenshin Ichikawa
|
0-0: Foul Ball, location: 2F 0-1: Ball 1-1: Ball 2-1: Fly out, F8 (Line Drive, 8RM)
|
Batting: LHB Emílio Sáenz
|
0-0: Called Strike Nathan Tanner steals 2nd base 0-1: Swinging Strike 0-2: Ball 1-2: Foul Ball, location: 2F 1-2: Ball 2-2: Ball 3-2: Base on Balls
|
Batting: RHB Turner Coleman
|
0-0: Ball 1-0: Foul Ball, location: 2F 1-1: Called Strike 1-2: Fly out, F7 (Flyball, 78M)
|
Batting: SHB Eiji Suzuki
|
0-0: Called Strike 0-1: Foul Ball, location: 2F 0-2: Ground out 5-3 (Groundball, 56)
|
Bottom of the 2nd over - 0 run(s), 1 hit(s), 0 error(s), 2 left on base; Seattle 0 - Wizarding 0 |
TOP OF THE 3RD |
Seattle Aviators batting - Pitching for Wizarding Express : LHP Charles Dobson
|
Batting: LHB Ramón García
|
0-0: Ball 1-0: Called Strike 1-1: Swinging Strike 1-2: Ball 2-2: Strikes out swinging
|
Batting: RHB Vernon Caw
|
0-0: Foul Ball, location: 2F 0-1: Ball 1-1: Called Strike 1-2: Ball 2-2: Strikes out swinging
|
Batting: RHB Tynan Hawkins
|
0-0: Fly out, F7 (Line Drive, 7S)
|
Top of the 3rd over - 0 run(s), 0 hit(s), 0 error(s), 0 left on base; Seattle 0 - Wizarding 0 |
BOTTOM OF THE 3RD |
Wizarding Express batting - Pitching for Seattle Aviators : LHP Dan Mitchell
|
Batting: RHB Jay Parker
|
0-0: Called Strike 0-1: Ball 1-1: Called Strike 1-2: Strikes out looking
|
Batting: LHB Kyung-chor Pang
|
0-0: Called Strike 0-1: Ball 1-1: Ground out 5-3 (Groundball, 15S)
|
Batting: LHB Júlio Valentín
|
0-0: Foul Ball, location: 2F 0-1: Ball 1-1: Ball 2-1: Ball 3-1: Fly out, F9 (Line Drive, 89D)
|
Bottom of the 3rd over - 0 run(s), 0 hit(s), 0 error(s), 0 left on base; Seattle 0 - Wizarding 0 |
TOP OF THE 4TH |
Seattle Aviators batting - Pitching for Wizarding Express : LHP Charles Dobson
|
Batting: RHB Kenzaburo Hori
|
0-0: Ground out 6-3 (Groundball, 6)
|
Batting: RHB Clarence Fox
|
0-0: Called Strike 0-1: Called Strike 0-2: Ball 1-2: Fly out, F4 (Popup, 4)
|
Batting: LHB Kenny Webster
|
0-0: Ball 1-0: Foul Ball, location: 2F 1-1: SINGLE (Groundball, 34)
|
Batting: LHB Jorge Mojica
|
0-0: Ball 1-0: Ball 2-0: Foul Ball, location: 2F 2-1: Fly out, F4 (Line Drive, 4)
|
Top of the 4th over - 0 run(s), 1 hit(s), 0 error(s), 1 left on base; Seattle 0 - Wizarding 0 |
BOTTOM OF THE 4TH |
Wizarding Express batting - Pitching for Seattle Aviators : LHP Dan Mitchell
|
Batting: RHB António Martínez
|
0-0: Ball 1-0: Ball 2-0: Foul Ball, location: 2F 2-1: Foul Ball, location: 2F 2-2: Foul Ball, location: 2F 2-2: Strikes out swinging
|
Batting: LHB Nathan Tanner
|
0-0: Ball 1-0: Ball 2-0: Foul Ball, location: 2F 2-1: Hit by Pitch
|
Batting: RHB Tenshin Ichikawa
|
0-0: Ball 1-0: Ball Nathan Tanner is caught stealing 2nd base 2-0: Ball 3-0: Called Strike 3-1: Ground out 5-3 (Groundball, 56S)
|
Bottom of the 4th over - 0 run(s), 0 hit(s), 0 error(s), 0 left on base; Seattle 0 - Wizarding 0 |
TOP OF THE 5TH |
Seattle Aviators batting - Pitching for Wizarding Express : LHP Charles Dobson
|
Batting: RHB Sean Davis
|
0-0: Swinging Strike 0-1: Ball 1-1: Foul Ball, location: 2F 1-2: Foul Ball, location: 2F 1-2: Foul Ball, location: 2F 1-2: SINGLE (Flyball, 78S)
|
Batting: RHB Raúl Javier Jr.
|
0-0: Called Strike 0-1: Bunted foul 0-2: Foul Ball, location: 2F 0-2: Grounds into double play, 1-6-3 (Groundball, 13)
|
Batting: LHB Ramón García
|
0-0: Ball 1-0: Ball 2-0: Called Strike 2-1: Ball 3-1: Base on Balls
|
Batting: RHB Vernon Caw
|
0-0: Ball 1-0: SINGLE (Line Drive, 6D) Ramón García to second Runner from 2nd tries for 3rd, SAFE, no throw or cutoff
|
Batting: RHB Tynan Hawkins
|
0-0: Ground out 3-1 (Groundball, 34S)
|
Top of the 5th over - 0 run(s), 2 hit(s), 0 error(s), 2 left on base; Seattle 0 - Wizarding 0 |
BOTTOM OF THE 5TH |
Wizarding Express batting - Pitching for Seattle Aviators : LHP Dan Mitchell
|
Batting: LHB Emílio Sáenz
|
0-0: Ball 1-0: Fly out, F9 (Line Drive, 9S)
|
Batting: RHB Turner Coleman
|
0-0: Ball 1-0: Ball 2-0: Called Strike 2-1: Ground out 6-3 (Groundball, 6)
|
Batting: SHB Eiji Suzuki
|
0-0: Foul Ball, location: 2F 0-1: SOLO HOME RUN (Flyball, 89XD), Distance : 386 ft
|
Batting: RHB Jay Parker
|
0-0: Ball 1-0: Ball 2-0: Ground out 6-3 (Groundball, 6D)
|
Bottom of the 5th over - 1 run(s), 1 hit(s), 0 error(s), 0 left on base; Seattle 0 - Wizarding 1 |
TOP OF THE 6TH |
Seattle Aviators batting - Pitching for Wizarding Express : LHP Charles Dobson
|
Batting: RHB Kenzaburo Hori
|
0-0: Ball 1-0: Foul Ball, location: 2F 1-1: Ground out 6-3 (Groundball, 6)
|
Batting: RHB Clarence Fox
|
0-0: Ball 1-0: Ball 2-0: Foul Ball, location: 2F 2-1: Ball 3-1: Base on Balls
|
Batting: LHB Kenny Webster
|
0-0: Ball 1-0: Ball 2-0: Ball 3-0: Called Strike 3-1: Base on Balls Clarence Fox to second
|
Batting: LHB Jorge Mojica
|
0-0: Ball 1-0: Ball 2-0: Ball 3-0: Called Strike 3-1: Swinging Strike 3-2: Reached on error, E3 (Groundball, 34) Clarence Fox scores Kenny Webster to third
|
Batting: RHB Sean Davis
|
0-0: Intentional Walk
|
Batting: RHB Raúl Javier Jr.
|
0-0: Called Strike 0-1: Called Strike 0-2: Foul Ball, location: 2F 0-2: Ball 1-2: Foul Ball, location: 2F 1-2: Ball 2-2: Fly out, F3 (Popup, 3SF)
|
Pitching: RHP Roberto Gómez
|
|
Batting: LHB Ramón García
|
0-0: Ball 1-0: Ball 2-0: Swinging Strike 2-1: Ground out 1-3 (Groundball, 13S)
|
Top of the 6th over - 1 run(s), 0 hit(s), 1 error(s), 3 left on base; Seattle 1 - Wizarding 1 |
BOTTOM OF THE 6TH |
Wizarding Express batting - Pitching for Seattle Aviators : LHP Dan Mitchell
|
Batting: LHB Kyung-chor Pang
|
0-0: Called Strike 0-1: Ball 1-1: Foul Ball, location: 2F 1-2: Ball 2-2: Strikes out looking
|
Batting: LHB Júlio Valentín
|
0-0: Ball 1-0: Ball 2-0: SINGLE (Flyball, 7LS)
|
Batting: RHB António Martínez
|
0-0: Called Strike 0-1: Called Strike 0-2: Foul Ball, location: 2F 0-2: Strikes out swinging
|
Pitching: RHP Ken Frost
|
|
Batting: LHB Nathan Tanner
|
0-0: Ball 1-0: Ball 2-0: Fly out, F7 (Flyball, 7D)
|
Bottom of the 6th over - 0 run(s), 1 hit(s), 0 error(s), 1 left on base; Seattle 1 - Wizarding 1 |
TOP OF THE 7TH |
Seattle Aviators batting - Pitching for Wizarding Express : RHP Roberto Gómez
|
Batting: RHB Vernon Caw
|
0-0: Ball 1-0: Swinging Strike 1-1: Called Strike 1-2: Ball 2-2: Strikes out swinging
|
Pinch Hitting: RHB Randolph Davis
|
0-0: Called Strike 0-1: Ground out 6-3 (Groundball, 6M)
|
Batting: RHB Kenzaburo Hori
|
0-0: Swinging Strike 0-1: Called Strike 0-2: Ball 1-2: Fly out, F9 (Popup, 34D)
|
Top of the 7th over - 0 run(s), 0 hit(s), 0 error(s), 0 left on base; Seattle 1 - Wizarding 1 |
BOTTOM OF THE 7TH |
Wizarding Express batting - Pitching for Seattle Aviators : RHP Ken Frost
|
Now at 3B: Randolph Davis
|
|
Batting: RHB Tenshin Ichikawa
|
0-0: Called Strike 0-1: Foul Ball, location: 2F 0-2: Ball 1-2: Fly out, F8 (Line Drive, 8LM)
|
Batting: LHB Emílio Sáenz
|
0-0: Called Strike 0-1: Fly out, F5 (Line Drive, 56)
|
Batting: RHB Turner Coleman
|
0-0: Foul Ball, location: 2F 0-1: Fly out, F7 (Flyball, 7D)
|
Bottom of the 7th over - 0 run(s), 0 hit(s), 0 error(s), 0 left on base; Seattle 1 - Wizarding 1 |
TOP OF THE 8TH |
Seattle Aviators batting - Pitching for Wizarding Express : RHP Roberto Gómez
|
Batting: RHB Clarence Fox
|
0-0: Ball 1-0: DOUBLE (Flyball, 89D)
|
Batting: LHB Kenny Webster
|
0-0: Ball 1-0: SINGLE (Line Drive, 78S) Clarence Fox to third Runner from 3rd tries for Home, SAFE, no throw or cutoff
|
Batting: LHB Jorge Mojica
|
0-0: Ball 1-0: Ball 2-0: Ground out 3-1 (Groundball, 34) Kenny Webster to second
|
Batting: RHB Sean Davis
|
0-0: Intentional Walk
|
Batting: RHB Raúl Javier Jr.
|
0-0: Ball 1-0: SINGLE (Groundball, 6MD) Kenny Webster to third Sean Davis to second
|
Batting: LHB Ramón García
|
0-0: Ball 1-0: SINGLE (Groundball, 34D) Kenny Webster scores Sean Davis to third Raúl Javier Jr. to second Runner from 3rd tries for Home, SAFE, throw made home
|
Pitching: RHP Enrico Reséndez
|
|
Batting: RHB Vernon Caw
|
0-0: Grounds into double play, 6-4-3 (Groundball, 6M)
|
Top of the 8th over - 3 run(s), 4 hit(s), 0 error(s), 1 left on base; Seattle 4 - Wizarding 1 |
BOTTOM OF THE 8TH |
Wizarding Express batting - Pitching for Seattle Aviators : RHP Ken Frost
|
Batting: SHB Eiji Suzuki
|
0-0: Ball 1-0: Foul Ball, location: 2F 1-1: Foul Ball, location: 2F 1-2: Ground out 6-3 (Groundball, 6S)
|
Batting: RHB Jay Parker
|
0-0: Ball 1-0: Swinging Strike 1-1: Foul Ball, location: 2F 1-2: Strikes out swinging
|
Batting: LHB Kyung-chor Pang
|
0-0: Ball 1-0: Fly out, F7 (Line Drive, 78M)
|
Bottom of the 8th over - 0 run(s), 0 hit(s), 0 error(s), 0 left on base; Seattle 4 - Wizarding 1 |
TOP OF THE 9TH |
Seattle Aviators batting - Pitching for Wizarding Express : RHP Enrico Reséndez
|
Batting: RHB Randolph Davis
|
0-0: Ball 1-0: Swinging Strike 1-1: Fly out, F6 (Line Drive, 6)
|
Batting: RHB Kenzaburo Hori
|
0-0: Fly out, F9 (Flyball, 9LS)
|
Batting: RHB Clarence Fox
|
0-0: Swinging Strike 0-1: Ball 1-1: SINGLE (Line Drive, 6M)
|
Batting: LHB Kenny Webster
|
0-0: Called Strike 0-1: Ball 1-1: Swinging Strike 1-2: 2-RUN HOME RUN (Flyball, 8RXD), Distance : 437 ft
|
Batting: LHB Jorge Mojica
|
0-0: Called Strike 0-1: Ball 1-1: Called Strike 1-2: Ball 2-2: SINGLE (Line Drive, 7S)
|
Pitching: LHP Dave Davis
|
|
Batting: RHB Sean Davis
|
0-0: Ball 1-0: Called Strike 1-1: Called Strike 1-2: Ground out 4-3 (Groundball, 4)
|
Top of the 9th over - 2 run(s), 3 hit(s), 0 error(s), 1 left on base; Seattle 6 - Wizarding 1 |
BOTTOM OF THE 9TH |
Wizarding Express batting - Pitching for Seattle Aviators : RHP Ken Frost
|
Batting: LHB Júlio Valentín
|
0-0: Swinging Strike 0-1: Foul Ball, location: 2F 0-2: Strikes out swinging
|
Batting: RHB António Martínez
|
0-0: Ball 1-0: Ground out 4-3 (Groundball, 4)
|
Batting: LHB Nathan Tanner
|
0-0: Ground out 6-3 (Groundball, 6)
|
Bottom of the 9th over - 0 run(s), 0 hit(s), 0 error(s), 0 left on base; Seattle 6 - Wizarding 1 |
|